 Dungeon Crawl Stone Soup version 0.29.1-15-g9cfb28693d (webtiles) character file.

Game seed: 2576817183834602359

49 Andrakon the Trooper (level 3, -2/29 HPs)
             Began as a Demonspawn Abyssal Knight on Mar 10, 2023.
             Was a Priest of Lugonu.
             Slain by Natasha (4 damage)
             ... on level 2 of the Dungeon.
             The game lasted 00:14:43 (1920 turns).

Andrakon the Trooper (Demonspawn Abyssal Knight)    Turns: 1920, Time: 00:14:43

Health: -2/29      AC: 12    Str: 13    XL:     3   Next: 53%
Magic:  13/13      EV: 11    Int: 13    God:    Lugonu [***...]
Gold:   83         SH:  0    Dex: 13    Spells: 2/3 levels left

rFire   . . .      SeeInvis .   a - +1 falchion
rCold   . . .      Faith    .   (no shield)
rNeg    . . .      Spirit   .   b - +0 leather armour
rPois   .          Reflect  .   c - +2 helmet
rElec   .          Harm     .   (no cloak)
rCorr   .          Rampage  .   (no gloves)
Will    .....                   (no boots)
Stlth   +.........              i - amulet of magic regeneration
HPRegen 0.09/turn               j - ring of magical power
MPRegen 0.66/turn               (no ring)

@: sanguine armoured, slowed, very slow
A: magic regeneration, sanguine armour 1
a: Renounce Religion, Depart the Abyss, Bend Space, Banish


You were on level 2 of the Dungeon.
You worshipped Lugonu.
Lugonu was most pleased with you.
You visited 1 branch of the dungeon, and saw 2 of its levels.
You visited the Abyss 1 time.

You collected 83 gold pieces.

Inventory:

Hand Weapons
 a - a +1 falchion (weapon)
 d - a +3 short sword
Missiles
 l - a throwing net
Armour
 b - a +0 leather armour (worn)
 c - a +2 helmet (worn)
 g - a +0 ring mail
Jewellery
 i - an amulet of magic regeneration (around neck)
 j - a ring of magical power (left hand)
Scrolls
 f - a scroll of identify {unknown}
 h - a scroll of amnesia {unknown}
 k - a scroll of magic mapping {unknown}
Potions
 e - a potion of magic {unknown}
 m - a potion of heal wounds {unknown}


   Skills:
 - Level 3.2 Fighting
 - Level 2.1 Long Blades
 - Level 2.1 Armour
 - Level 1.3 Dodging
 + Level 0.8 Spellcasting
 + Level 0.6 Transmutations
 + Level 0.8 Poison Magic
 - Level 2.6 Invocations


You had 2 spell levels left.
You knew the following spells:

 Your Spells              Type           Power      Damage    Failure   Level
a - Sting                 Tmut/Pois      8%         1d3       26%         1

Your spell library contained the following spells:

 Spells                   Type           Power      Damage    Failure   Level
 Poisonous Vapours        Pois/Air       2%         N/A       43%         2
 Olgreb's Toxic Radiance  Pois           2%         N/A       95%         4


Dungeon Overview and Level Annotations

Branches:
Dungeon (2/15)

Altars:

Shops:
D:1 [   D:2 *

Annotations:
D:2 Natasha


Innate Abilities, Weirdness & Mutations

You regenerate magic rapidly.
When seriously injured, your blood forms armour. (AC +6)


Message History

You hit the hobgoblin.
The hobgoblin is severely wounded.
The hobgoblin closely misses you.
You hit the hobgoblin but do no damage.
The hobgoblin is heavily wounded.
The hobgoblin closely misses you.
You hit the hobgoblin but do no damage.
The hobgoblin is heavily wounded.
The hobgoblin barely misses you.
You slash the hobgoblin!
You kill the hobgoblin!
Lugonu accepts your kill.
You now have 66 gold pieces (gained 14).
You see here a hobgoblin corpse.
There is an escape hatch in the ceiling here.
There is an entrance to Agha's Assorted Antiques here.
You now have 73 gold pieces (gained 7).
There is an entrance to Agha's Assorted Antiques here.
There is an escape hatch in the ceiling here.
You see here a hobgoblin corpse.
You now have 83 gold pieces (gained 10).
Natasha, Servant of Life and Death comes into view.
Natasha drinks a potion.
Natasha flickers and vanishes!
Deactivating autopickup; reactivate with Ctrl-A.
You feel yourself slow down.
A magic dart appears from out of thin air!
The magic dart hits you. Something claws you.
Your blood congeals into armour.
You hear some strange, mumbled words.
You feel as though you will be slow longer.
You miss something. Something claws you!
You hear some strange, mumbled words.
A magic dart appears from out of thin air!
The magic dart hits you but does no damage.
You miss something. Something claws you but does no damage.
You hit something. Something claws you!
* * * LOW HITPOINT WARNING * * *
Something claws you but does no damage.
You closely miss something. Something claws you.
You die...

.# .. ..............[##
.#.......(......### #
#...........##...# #
########..........# ##.#
#
..........#.......####..
#
..........#.....8.<.∩.8.
..................######
......{..##.....†.#
.......@..........#
..................#
.##............####
##...........#
.....##.......# ###..
######### #... #.## #.


There were no monsters in sight!

Vanquished Creatures
  An ufetubus (Abyss:1)
  A worm (D:2)
  A ball python (D:2)
  2 endoplasms (D:1)
  5 giant cockroaches
  3 goblins
  6 hobgoblins
  6 kobolds
  2 quokkas
  3 bats
  3 frilled lizards (D:2)
  4 rats
37 creatures vanquished.

Vanquished Creatures (others)
  10 plants (D:1)
10 creatures vanquished.

Grand Total: 47 creatures vanquished

Notes
Turn   | Place    | Note
-------+----------+-------------------------------------------
     0 | Abyss:1  | Andrakon the Demonspawn Abyssal Knight began the quest for
                  | the Orb.
     0 | Abyss:1  | Reached XP level 1. HP: 18/18 MP: 2/2
    31 | Abyss:1  | Found a corrupted altar of Lugonu.
    75 | Abyss:1  | Noticed a jelly
    82 | Abyss:1  | Reached skill level 1 in Dodging
   112 | D:1      | Escaped the Abyss
   415 | D:1      | Gained mutation: You regenerate magic rapidly. [demonic
                  | ancestry]
   415 | D:1      | Reached XP level 2. HP: 24/24 MP: 3/3
   513 | D:1      | Learned a level 1 spell: Sting
  1310 | D:1      | Found Goesoy's Antique Armour Shoppe.
  1533 | D:1      | Gained mutation: When seriously injured, your blood forms
                  | armour. (AC +6) [demonic ancestry]
  1533 | D:1      | Reached XP level 3. HP: 29/29 MP: 4/4
  1753 | D:2      | Reached *** piety under Lugonu
  1885 | D:2      | Found Agha's Assorted Antiques.
  1911 | D:2      | Noticed Natasha
  1919 | D:2      | HP: 1/29 [something (8)]
  1920 | D:2      | Slain by Natasha

Illustrated notes

Levels and vault maps discovered:
D:1:      dpeg_chamrin_arrival_tetris, layout_basic, serial_shops, shop,
          chequers_big_river, st_stairs_1, minmay_misc_feat_rugged
D:2:      layout_rooms, serial_shops, shop_statue,
          shapermc_ecumenical_altar_mp_urbaneastern, uniq_natasha

Skill      XL: |  1  2 |
---------------+-------+-----
Dodging        | 1 |  1.3
Long Blades    | 2 |  2.1
Armour         | 2 |  2.1
Fighting       | |  3.2
Spellcasting   | |  0.8
Transmutations | |  0.6
Poison Magic   | |  0.8
Invocations    | |  2.6

Action                   || total
-------------------------++-------
Melee: Falchion          ||   129
 Cast: Sting             ||     1
Armor: Leather armour    ||    54
       Ring mail         ||    22
Dodge: Dodged            ||    73
